 Dungeon Crawl Stone Soup version 0.25.0-11-g1f837a76a1 (webtiles) character file.

Game seed: 2029907352755601371

72 Lekan the Sneak (level 4, -3/23 HPs)
             Began as a Vampire Assassin on June 24, 2020.
             Killed by divine providence
             ... invoked by an orc priest
              (8 damage)
             ... on level 3 of the Dungeon.
             The game lasted 00:07:08 (2194 turns).

Lekan the Sneak (Vampire Assassin)                  Turns: 2194, Time: 00:07:09

Health: -3/23      AC:  3    Str:  9 (10) XL:     4   Next: 6%
Magic:  4/4        EV: 11    Int: 12 (14) God:
Gold:   74         SH:  4    Dex: 13 (15) Spells: 3/3 levels left

rFire    + . .     SeeInvis +   k - +2 whip (venom)
rCold    x . .     Gourm    .   p - +1 buckler
rNeg     . . .     Faith    .   s - +0 robe
rPois    .         Spirit   .   (no helmet)
rElec    .         Reflect  .   l - +0 cloak
rCorr    .         Harm     .   (no gloves)
MR       .....                  (no boots)
Stlth    +++.......             (no amulet)
HPRegen  0.27/turn              i - ring of fire
MPRegen  0.09/turn              (no ring)

@: regenerating quickly
A: no food, fangs 3, see invisible, [frail 3], unbreathing
a: Exsanguinate


You were on level 3 of the Dungeon.
You were alive.

You visited 1 branch of the dungeon, and saw 3 of its levels.

You collected 74 gold pieces.

Inventory:

Hand Weapons
 a - a +2 dagger
 k - a +2 whip of venom (weapon)
 r - a +2 falchion of flaming
Missiles
 d - 18 poisoned darts (quivered)
 e - 2 curare-tipped darts
 n - 6 boomerangs
Armour
 b - a +0 robe
 c - a +0 cloak
 l - a +0 cloak (worn)
 p - a +1 buckler (worn)
 s - a +0 robe (worn)
Jewellery
 i - a ring of fire (left hand)
Scrolls
 g - a scroll of remove curse
 m - 2 scrolls of teleportation {unknown}
 v - a scroll of immolation {unknown}
Potions
 f - a potion of flight {unknown}
 h - a potion of lignification {unknown}
 j - a potion of haste {unknown}
 o - a potion of resistance {unknown}
 q - 2 potions of degeneration {unknown}
 t - a potion of curing {unknown}


   Skills:
 + Level 2.4 Fighting
 + Level 2.3 Short Blades
 + Level 0.7 Maces & Flails
 + Level 1.7 Throwing
 + Level 1.4 Dodging
 + Level 7.3 Stealth


You had 3 spell levels left.
You didn't know any spells.
Your spell library was empty.

Dungeon Overview and Level Annotations

Branches:
Dungeon (3/15)

Altars:


Innate Abilities, Weirdness & Mutations

You do not eat.
Your natural rate of healing is unusually fast.
You have razor-sharp teeth.
You have supernaturally acute eyesight. (SInv)
You can survive without breathing.
[You are extremely frail. (-30% HP)]


Message History

An orc priest comes into view. It is wielding a +0 flail.
Found 2 orange potions.
There is a stone staircase leading up here.
Unknown command.
An orc and an orc wizard come into view.
The orc priest shouts!
The orc wizard shouts!
The orc shouts!
You hear a shout!
The orc priest mumbles some strange prayers to Beogh against you.
Beogh smites you!
An orc priest comes into view. It is wielding a +0 dagger.
The orc priest shouts!
The orc priest calls down the wrath of Beogh upon you.
Beogh smites you!
* * * LOW HITPOINT WARNING * * *
You closely miss the orc priest. The orc priest misses you.
As you read the scroll labeled FIADESUAGU, it crumbles to dust.
It is a scroll of enchant armour.
Your +0 buckler glows green for a moment.
The orc priest calls down the wrath of Beogh upon you.
Beogh smites you!
You die...

. .... #.# #..
.##.#. #..
......##.#
...#.....#####
##.!..#......
..........###
#.....<@.o.#
............#
..........#ooo..#
..........##......
........... #.#..#
#..........# .# ..
#.........## # #
...........
.........


You could see 2 orc priests, an orc wizard and an orc.

Vanquished Creatures
  3 adders (D:2)
  An ooze (D:1)
  2 dart slugs (D:1)
  4 bats (D:1)
  A giant cockroach (D:1)
  4 goblins
  4 hobgoblins (D:1)
  4 jackals (D:2)
  3 kobolds (D:2)
  A quokka (D:2)
  A ball python (D:1)
  2 frilled lizards
  5 rats
35 creatures vanquished.

Notes
Turn   | Place    | Note
-------+----------+-------------------------------------------
     0 | D:1      | Lekan the Vampire Assassin began the quest for the Orb.
     0 | D:1      | Reached XP level 1. HP: 16/16 MP: 1/1
    19 | D:1      | Reached skill level 6 in Stealth
   348 | D:1      | Reached XP level 2. HP: 22/22 MP: 2/2
   729 | D:1      | Reached XP level 3. HP: 25/27 MP: 3/3
  1279 | D:2      | Found a faded altar of an unknown god.
  1576 | D:2      | Reached skill level 7 in Stealth
  1723 | D:2      | Reached XP level 4. HP: 5/20 MP: 4/4
  2194 | D:3      | Killed from afar by an orc priest

Illustrated notes

Levels and vault maps discovered:
D:1:      tarquinn_simple_flora_water_e, layout_basic
D:2:      layout_basic, chequers_ecumenical_altar_grove
D:3:      layout_rooms

Skill      XL: |  1  2  3 |
---------------+----------+-----
Stealth        | 6 7 |  7.3
Fighting       | 2 |  2.4
Short Blades   | |  2.3
Maces & Flails | |  0.7
Throwing       | |  1.7
Dodging        | |  1.4

Action                   |  1- 3 |  4- 6 || total
-------------------------+-------+-------++-------
Melee: Dagger            |    21 |       ||    21
       Whip              |    48 |     6 ||    54
       Bite              |     5 |     1 ||     6
Throw: Dart              |     1 |       ||     1
 Abil: Exsanguinate      |     3 |       ||     3
       Revivify          |     2 |     1 ||     3
       Bat Form          |     1 |       ||     1
  Use: Scroll            |     1 |     1 ||     2
 Stab: Sleeping          |     8 |     2 ||    10
Armor: Robe              |    19 |       ||    19
Dodge: Dodged            |    47 |     2 ||    49
Block: Buckler           |     3 |       ||     3
